 Dungeon Crawl Stone Soup version 0.29-a0-322-g68df515428 (webtiles) character file.

Game seed: 10498802029132518573

99 Darius099 the Covered (level 4, -5/29 HPs)
             Began as a Gargoyle Fighter on Apr 5, 2022.
             Slain by Terence
             ... wielding a +0 flail
              (7 damage)
             ... on level 2 of the Dungeon.
             The game lasted 00:03:50 (1390 turns).

Darius099 the Covered (Gargoyle Fighter)            Turns: 1390, Time: 00:03:51

Health: -5/29      AC: 11    Str: 20    XL:     4   Next: 72%
Magic:  4/4        EV:  9    Int:  8    God:
Gold:   127        SH:  4    Dex: 11    Spells: 3/3 levels left

rFire   . . .      SeeInvis .   a - +0 flail
rCold   . . .      Faith    .   c - +0 buckler
rNeg    + . .      Spirit   .   b - +0 scale mail
rPois   ∞          Reflect  .   (no helmet)
rElec   +          Harm     .   f - +0 cloak
rCorr   .          Rampage  .   (no gloves)
Will    .....                   (no boots)
Stlth   ..........              (no amulet)
HPRegen 0.09/turn               (no ring)
MPRegen 0.09/turn               (no ring)

@: no status effects
A: sickness immunity, AC +3, negative energy resistance 1, electricity
resistance, torment resistance 1, petrification resistance
a: no special abilities


You were on level 2 of the Dungeon.
You visited 1 branch of the dungeon, and saw 2 of its levels.

You collected 127 gold pieces.

Inventory:

Hand Weapons
 a - a +0 flail (weapon)
Armour
 b - a +0 scale mail (worn)
 c - a +0 buckler (worn)
 f - a +0 cloak (worn)
Scrolls
 e - 3 scrolls of identify {unknown}
 h - a scroll of summoning {unknown}
 i - a scroll of magic mapping {unknown}
 j - a scroll of holy word {unknown}
 k - a scroll of noise {unknown}
 l - a scroll of teleportation {unknown}
 n - a scroll of amnesia {unknown}
 o - a scroll of torment {unknown}
 p - a scroll of vulnerability {unknown}
 q - a scroll of enchant weapon {unknown}
Potions
 d - a potion of might
 g - 2 potions of haste {unknown}
 m - a potion of heal wounds {unknown}


   Skills:
 + Level 3.8 Fighting
 + Level 3.5 Maces & Flails
 + Level 4.0 Armour
 + Level 0.3 Dodging
 + Level 0.1 Stealth
 + Level 3.6 Shields


You had 3 spell levels left.
You didn't know any spells.
Your spell library was empty.

Dungeon Overview and Level Annotations

Branches:
Dungeon (2/15)

Altars:

Annotations:
D:2 Terence


Innate Abilities, Weirdness & Mutations

You are immune to sickness and miasma.
Your stone body is resilient. (AC +3)
You are immune to poison.
You resist negative energy. (rN+)
You are resistant to electric shocks. (rElec)
You are resistant to unholy torment.
You are immune to petrification.


Message History

Natasha claws you.
You sock Natasha!
You kill Natasha!
You hear a faint echoing roar filled with hate and sorrow!
The crimson imp disappears in a puff of smoke!
Terence hits you but does no damage.
Your Armour skill increases to level 4!
You barely miss Terence. Terence closely misses you.
You barely miss Terence. Terence hits you with a +0 flail.
You barely miss Terence. Terence closely misses you.
You hit Terence but do no damage. You block Terence's attack.
Terence hits you with a +0 flail.
You hit Terence.
Terence is lightly wounded.
Terence hits you with a +0 flail.
You hit Terence.
Terence is heavily wounded.
Terence hits you but does no damage.
You hit Terence.
Terence is severely wounded.
Terence hits you but does no damage. x2
You hit Terence.
Terence is severely wounded.
Terence hits you with a +0 flail.
You barely miss Terence.
Terence is severely wounded.
Terence hits you with a +0 flail.
* * * LOW HITPOINT WARNING * * *
You hit Terence but do no damage.
Terence is severely wounded.
You block Terence's attack.
You hit Terence.
Terence is almost dead.
Terence hits you with a +0 flail.
* * * LOW HITPOINT WARNING * * *
Terence barely misses you.
You hit Terence but do no damage.
Terence is almost dead.
Terence hits you with a +0 flail!
You die...

. .. ##... ....#
#.... ###..#
#@@..# ##.##.#
#..# ..
###.######?# ###
#............ ...
#######...#######
# ..## #
##.........## ..#
#.###..######.##
######.##
#.....#######.#
##......#.


You could see Terence.

Vanquished Creatures
  Jessica (D:2)
  Natasha (D:2)
  2 dart slugs
  An orc (D:2)
  4 ball pythons (D:1)
  9 endoplasms
  3 hobgoblins
  A quokka (D:1)
  5 bats
  4 frilled lizards
  3 goblins
  3 kobolds
  6 rats
43 creatures vanquished.

Notes
Turn   | Place    | Note
-------+----------+-------------------------------------------
     0 | D:1      | Darius099 the Gargoyle Fighter began the quest for the Orb.
     0 | D:1      | Reached XP level 1. HP: 14/14 MP: 1/1
    69 | D:1      | Reached XP level 2. HP: 19/19 MP: 2/2
    92 | D:1      | Found a faded altar of an unknown god.
   686 | D:1      | Reached XP level 3. HP: 23/23 MP: 3/3
  1267 | D:2      | Noticed Jessica
  1274 | D:2      | Killed Jessica
  1275 | D:2      | Reached XP level 4. HP: 29/29 MP: 4/4
  1365 | D:2      | Noticed Natasha
  1367 | D:2      | Noticed Terence
  1378 | D:2      | Killed Natasha
  1379 | D:2      | Reached skill level 4 in Armour
  1390 | D:2      | Slain by Terence

Illustrated notes

Levels and vault maps discovered:
D:1:      spicycebolla_arrival_xxxplode, layout_loops_ring,
          ebering_ecumenical_altar_abandoned
D:2:      layout_rooms, minmay_heptomino_o4, uniq_natasha, uniq_terence,
          uniq_jessica

Skill      XL: |  1  2  3  4 |
---------------+-------------+-----
Maces & Flails | 3 |  3.5
Armour         | 4 |  4.0
Fighting       | |  3.8
Dodging        | |  0.3
Stealth        | |  0.1
Shields        | |  3.6

Action                   |  1- 3 |  4- 6 || total
-------------------------+-------+-------++-------
Melee: Flail             |    84 |    43 ||   127
Armor: Scale mail        |    50 |    14 ||    64
Dodge: Dodged            |    50 |    15 ||    65
Block: Buckler           |    11 |     8 ||    19

Table legend: (Time is in decaauts)
 A = Elapsed time spent in this place.
 B = Non-inter-level travel time spent in this place.
 C = Inter-level travel time spent in this place.
 D = Time resting spent in this place.
 E = Time spent auto-exploring this place.
 F = Levels seen in this place.
 G = Mean time per level.
                   A        B        C        D        E       F      G
               +--------+--------+--------+--------+--------+-----+--------+
         Total |   1428 |   1384 |     44 |      0 |    882 |   2 |  714.0 |
       Dungeon |   1428 |   1384 |     44 |      0 |    882 |   2 |  714.0 |
               +--------+--------+--------+--------+--------+-----+--------+

Top non-repeatable levels by time:
     D:1: 1022 daAuts
     D:2: 406 daAuts
